 Dungeon Crawl Stone Soup version 0.31-a0-675-g238779eb0a (webtiles) character file.

Game seed: 9921422896538266031

656 qw the Skirmisher (level 7, -5/44 HPs)
             Began as a Gargoyle Hunter on Sept 5, 2023.
             Slain by a gnoll sergeant
             ... wielding a +2 trident of venom
              (10 damage)
             ... on level 5 of the Dungeon.
             The game lasted 00:01:09 (2705 turns).

qw the Skirmisher (Gargoyle Hunter)                 Turns: 2705, Time: 00:01:10

Health: -5/44      AC:  7    Str: 15      XL:     7   Next: 55%
Magic:  7/7        EV: 11    Int:  9      God:
Gold:   235        SH:  0    Dex: 14 (15) Spells: 6/6 levels left

rFire   . . .        b - +1 shortbow (heavy)
rCold   . . .        (shield currently unavailable)
rNeg    + . .        d - +0 ring mail
rPois   inf          (no helmet)
rElec   +            (no cloak)
rCorr   .            (no gloves)
SInv    .            (no boots)
Will    .....        (no amulet)
Stlth   +            (no ring)
HPRegen 0.27/turn    (no ring)
MPRegen 0.10/turn

%: no passive effects
@: no status effects
A: sickness immunity, AC +4, negative energy resistance 1, electricity
resistance, torment resistance 1, petrification resistance, deformed body,
deterioration 1, inability to drink after injury 1
a: no special abilities


You were on level 5 of the Dungeon.
You visited 1 branch of the dungeon, and saw 5 of its levels.

You collected 235 gold pieces.


Innate Abilities, Weirdness & Mutations

You are immune to sickness and miasma.
Your stone body is resilient. (AC +4)
You are immune to poison.
You resist negative energy. (rN+)
You are resistant to electric shocks. (rElec)
You are resistant to unholy torment.
You are immune to petrification.
Armour fits poorly on your strangely shaped body.
Your body sometimes deteriorates upon taking damage.
You occasionally lose the ability to drink potions when taking damage.


   Skills:
 + Level 4.7 Fighting
 - Level 8.0 Ranged Weapons
 - Level 1.0 Armour
 - Level 1.5 Dodging
 - Level 1.1 Stealth


You had 6 spell levels left.
You didn't know any spells.
Your spell library was empty.

Inventory:

Hand Weapons
 b - a +1 heavy shortbow (weapon)
Armour
 d - a +0 ring mail (worn)
Jewellery
 h - a ring of fire
Scrolls
 a - a scroll of identify
Potions
 c - a potion of invisibility {unknown}
 e - a potion of brilliance {unknown}
 f - a potion of attraction {unknown}
 g - a potion of might {unknown}
 k - a potion of haste

Dungeon Overview and Level Annotations

Branches:
Dungeon (5/15)
 Temple: D:4-7

Altars:


Message History

You shoot an arrow. The arrow hits the gnoll sergeant.
The gnoll sergeant is heavily wounded.
The gnoll sergeant hits you but does no damage.
The gnoll sergeant closely misses you.
You shoot an arrow.
The arrow hits the gnoll sergeant but does no damage.
The gnoll sergeant is heavily wounded.
The gnoll sergeant hits you from afar with a +2 trident of venom!
The gnoll bouda gazes fiercely through you!
You feel your attacks grow feeble.
You shoot an arrow.
The arrow hits the gnoll sergeant but does no damage.
The gnoll sergeant is heavily wounded.
The gnoll sergeant hits you from afar with a +2 trident of venom.
The gnoll sergeant hits you but does no damage.
You shoot an arrow.
The arrow hits the gnoll bouda but does no damage.
The gnoll bouda is lightly wounded.
The gnoll sergeant is no longer moving quickly.
The gnoll bouda closely misses you. The gnoll sergeant closely misses you.
The gnoll bouda barely misses you.
You shoot an arrow. The arrow hits the gnoll bouda!
The gnoll bouda is severely wounded.
The gnoll sergeant hits you from afar with a +2 trident of venom!
The gnoll bouda prays to its god.
The gnoll bouda is healed somewhat.
The gnoll sergeant hits you but does no damage.
The gnoll bouda barks out a call to the hunt!
The gnoll sergeant picks up the pace!
You hear a bark!
You shoot an arrow.
The arrow barely misses the gnoll bouda.
The gnoll sergeant completely misses you.
The gnoll bouda hits you with a +0 whip!
The gnoll sergeant closely misses you.
You shoot an arrow. The arrow hits the gnoll bouda!
You kill the gnoll bouda!
Your attacks no longer feel as feeble.
The gnoll sergeant hits you from afar with a +2 trident of venom!
You die...

######...# #....#...#
#....#.... ..
'#.(..#.#. ...
.........# ....
.........##....
.g....g).......
#))....# #@....###
#.......# ..
##..(.....
...##########.........
......................
#..............(....
#####..#............
#.##............
#.######.......#


You could see a gnoll sergeant (swift).

Vanquished Creatures
  Duvessa (D:4)
  A black bear (D:5)
  An ogre (D:5)
  Dowan (D:4)
  A hound (D:5)
  A gnoll bouda (D:5)
  2 iguanas (D:4)
  Natasha (twice) (D:4)
  11 gnolls
  2 adders
  5 dart slugs
  6 orcs
  4 endoplasms
  2 giant cockroaches
  8 goblins
  6 hobgoblins
  A jackal (D:5)
  9 kobolds
  3 quokkas
  7 ball pythons
  3 bats
  3 frilled lizards (D:1)
  A rat (D:1)
81 creatures vanquished.

Notes
Turn   | Place    | Note
-------+----------+-------------------------------------------
     0 | D:1      | qw the Gargoyle Hunter began the quest for the Orb.
     0 | D:1      | Reached XP level 1. HP: 12/12 MP: 1/1
     0 | D:1      | 0 ||| qw: Version: 0.3-a-75-g829b12e
     0 | D:1      | 0 ||| qw: Game counter: 130
     0 | D:1      | 0 ||| qw: Melee chars always use a shield: true
     0 | D:1      | 0 ||| qw: God list: Okawaru
     0 | D:1      | 0 ||| qw: Allow faded altars: false
     0 | D:1      | 0 ||| qw: Do Orc after clearing Dungeon:15 true
     0 | D:1      | 0 ||| qw: Do second Lair branch before Depths: true
     0 | D:1      | 0 ||| qw: Lair rune preference: random
     0 | D:1      | 0 ||| qw: Goals: Normal
     0 | D:1      | 0 ||| PLANNING D:1-11
   142 | D:1      | Reached XP level 2. HP: 17/17 MP: 2/2
   345 | D:1      | Reached XP level 3. HP: 19/21 MP: 3/3
   454 | D:1      | Found a faded altar of an unknown god.
   486 | D:1      | Reached skill level 5 in Ranged Weapons
   575 | D:1      | 575 ||| READING 2 scrolls labelled CEC PANAEDUHE.
   576 | D:1      | 576 ||| READING scroll labelled QETHREU EMMUYSS.
   577 | D:1      | 577 ||| READING scroll labelled IHIEGH BEPE.
   578 | D:1      | 578 ||| READING 2 scrolls labelled JINWEW SEGGUNI.
   579 | D:1      | 579 ||| READING scroll labelled ECIMYNGIUTTU.
   580 | D:1      | 580 ||| DROPPING scroll of butterflies.
   581 | D:1      | 581 ||| DROPPING scroll of fear.
   749 | D:2      | Reached skill level 3 in Fighting
   967 | D:2      | Reached XP level 4. HP: 28/28 MP: 4/4
  1198 | D:2      | 1198 ||| UPGRADING to +0 ring mail.
  1208 | D:2      | 1208 ||| DROPPING +0 leather armour.
  1209 | D:2      | 1209 ||| READING scroll labelled GANANEN FOOW.
  1214 | D:2      | 1214 ||| READING scroll labelled FOISEF ASULIE.
  1339 | D:3      | Reached skill level 1 in Armour
  1382 | D:3      | 1382 ||| Stepping ~*~*~tactically~*~*~ (outnumbered).
  1383 | D:3      | 1383 ||| Stepping ~*~*~tactically~*~*~ (outnumbered).
  1384 | D:3      | 1384 ||| Stepping ~*~*~tactically~*~*~ (outnumbered).
  1385 | D:3      | 1385 ||| Stepping ~*~*~tactically~*~*~ (outnumbered).
  1386 | D:3      | 1386 ||| Stepping ~*~*~tactically~*~*~ (outnumbered).
  1800 | D:3      | 1800 ||| READING scroll labelled JIATZAU FIUHOIROM.
  1801 | D:3      | 1801 ||| READING scroll labelled EGUESI NEHISIM.
  1802 | D:3      | 1802 ||| READING scroll labelled ZEKEMO BOELILA.
  1803 | D:3      | 1803 ||| DRINKING 2 smoky puce potions.
  1803 | D:3      | Gained mutation: You have sharp fingernails. [potion of
                  | mutation]
  1803 | D:3      | Gained mutation: You are vulnerable to cold. (rC-) [potion
                  | of mutation]
  1804 | D:3      | 1804 ||| DRINKING potion of mutation.
  1804 | D:3      | Lost mutation: You are vulnerable to cold. (rC-) [potion of
                  | mutation]
  1804 | D:3      | Lost mutation: You have sharp fingernails. [potion of
                  | mutation]
  1804 | D:3      | Gained mutation: Your body sometimes deteriorates upon
                  | taking damage. [potion of mutation]
  1804 | D:3      | Gained mutation: Armour fits poorly on your strangely
                  | shaped body. [potion of mutation]
  1804 | D:3      | Gained mutation: You occasionally lose the ability to drink
                  | potions when taking damage. [potion of mutation]
  1848 | D:4      | HP: 5/28 [iguana (8)]
  1849 | D:4      | 1849 ||| READING scroll of teleportation.
  1851 | D:4      | Reached XP level 5. HP: 7/32 MP: 5/5
  2017 | D:4      | Noticed Dowan
  2018 | D:4      | Noticed Duvessa
  2023 | D:4      | HP: 7/32 [Duvessa/+0 short sword (6)]
  2024 | D:4      | Killed Duvessa
  2025 | D:4      | Reached skill level 6 in Ranged Weapons
  2025 | D:4      | Reached XP level 6. HP: 9/37 MP: 6/6
  2032 | D:4      | Killed Dowan
  2321 | D:4      | Noticed Natasha
  2328 | D:4      | Killed Natasha
  2377 | D:4      | Noticed Natasha
  2382 | D:4      | Killed Natasha
  2397 | D:4      | Reached skill level 7 in Ranged Weapons
  2434 | D:4      | 2434 ||| DRINKING 2 green potions.
  2442 | D:5      | Entered Level 5 of the Dungeon
  2467 | D:5      | Noticed a black bear
  2469 | D:5      | 2469 ||| RETREATING.
  2476 | D:5      | Killed a black bear
  2477 | D:5      | Reached XP level 7. HP: 32/43 MP: 7/7
  2480 | D:5      | 2480 ||| FLEEEEING.
  2481 | D:5      | 2481 ||| FLEEEEING.
  2482 | D:5      | 2482 ||| FLEEEEING.
  2483 | D:5      | 2483 ||| FLEEEEING.
  2484 | D:5      | 2484 ||| FLEEEEING.
  2485 | D:5      | 2485 ||| FLEEEEING.
  2486 | D:5      | 2486 ||| FLEEEEING.
  2487 | D:5      | 2487 ||| FLEEEEING.
  2489 | D:5      | 2489 ||| FLEEEEING.
  2490 | D:5      | 2490 ||| FLEEEEING.
  2491 | D:5      | 2491 ||| FLEEEEING.
  2492 | D:5      | 2492 ||| FLEEEEING.
  2493 | D:5      | 2493 ||| FLEEEEING.
  2494 | D:5      | 2494 ||| STAIRDANCE
  2525 | D:5      | Reached skill level 8 in Ranged Weapons
  2559 | D:5      | 2559 ||| Stepping ~*~*~tactically~*~*~ (retreating).
  2580 | D:5      | 2580 ||| FLEEEEING.
  2581 | D:5      | 2581 ||| FLEEEEING.
  2694 | D:5      | 2694 ||| Stepping ~*~*~tactically~*~*~ (outnumbered).
  2703 | D:5      | HP: 11/44 [gnoll sergeant/+2 trident of venom (7)]
  2704 | D:5      | HP: 4/44 [gnoll bouda/+0 whip (7)]
  2705 | D:5      | Slain by a gnoll sergeant

Levels and vault maps discovered:
D:1:      amcnicky_arrival_double_pillar, layout_rooms,
          chequers_ecumenical_altar_simple, roderic_serpentine_path,
          serial_bayou_pond_d
D:2:      layout_basic
D:3:      layout_basic
D:4:      layout_gridville, uniq_natasha, uniq_duvessa
D:5:      layout_cave_pools, serial_gnoll_camp, gnoll_camp_medium_02,
          gnoll_camp_huts_basic, gnoll_camp_mini_house,
          gnoll_camp_mini_sergeant, nicolae_elevator_lobby_asterisk,
          uniq_sigmund

Skill      XL: |  1  2  3  4  5  6  7 |
---------------+----------------------+-----
Ranged Weapons | 5 6 7 8 |  8.0
Fighting       | 3 4 |  4.7
Armour         | 1 |  1.0
Dodging        | |  1.5
Stealth        | |  1.1

Action                     |  1- 3 |  4- 6 |  7- 9 || total
---------------------------+-------+-------+-------++-------
   Fire: Shortbow          |    96 |   102 |    38 ||   236
    Use: Scroll            |     5 |     6 |       ||    11
         Potion            |       |     3 |       ||     3
 Armour: Leather armour    |    23 |       |       ||    23
         Ring mail         |       |    62 |    30 ||    92
  Dodge: Dodged            |    23 |    44 |    35 ||   102

Table legend:
 A = Non-vault XP
 B = Vault XP
 C = Vault XP percentage of total XP
 D = Non-vault monster count
 E = Vault monster count
 F = Vault count percentage of total count
                 A         B        C        D         E       F
            +---------+---------+-------+---------+---------+-------
      Total |     570 |     405 |  41.5 |      68 |      13 |  16.0
            +---------+---------+-------+---------+---------+-------
        D:1 |      45 |       0 |   0.0 |      24 |       0 |   0.0
        D:2 |      41 |       0 |   0.0 |      15 |       0 |   0.0
        D:3 |      71 |       0 |   0.0 |      13 |       0 |   0.0
        D:4 |     129 |     252 |  66.1 |      13 |       3 |  18.8
        D:5 |     284 |     153 |  35.0 |       3 |      10 |  76.9
            +---------+---------+-------+---------+---------+-------
